 Dungeon Crawl Stone Soup version 0.29-a0-378-gc08b2e8bf8 (webtiles) character file.

Game seed: 14074671324768714827

113 Bruhh the Slasher (level 5, -1/61 HPs)
             Began as a Human Monk on May 5, 2022.
             Was a Believer of Okawaru.
             Slain by a sky beast (6 damage)
             ... on level 3 of the Dungeon.
             The game lasted 00:04:53 (2637 turns).

Bruhh the Slasher (Human Monk)                      Turns: 2637, Time: 00:04:53

Health: -1/61      AC: 22    Str: 10 (11) XL:     5   Next: 17%
Magic:  4/5        EV:  2    Int:  8 (10) God:    Okawaru [**....]
Gold:   206        SH:  0    Dex: 16 (18) Spells: 4/4 levels left

rFire   . . .      SeeInvis .   p - +0 rapier
rCold   . . .      Faith    .   (no shield)
rNeg    . . .      Spirit   .   (body armour currently unavailable)
rPois   +          Reflect  .   (helmet currently unavailable)
rElec   .          Harm     .   (cloak currently unavailable)
rCorr   .          Rampage  .   (gloves currently unavailable)
Will    .....      NoTele   +   (boots currently unavailable)
Stlth   ++........              (no amulet)
HPRegen 0.20/turn               (no ring)
MPRegen 0.09/turn               (no ring)

@: tree-form
A: stationary, stasis, torment immunity, boosted hp
a: Renounce Religion, Heroism


You were on level 3 of the Dungeon.
You worshipped Okawaru.
Okawaru was pleased with you.
You were a tree.
You visited 1 branch of the dungeon, and saw 3 of its levels.

You collected 206 gold pieces.

Inventory:

Hand Weapons
 a - a +0 falchion
 p - a +0 rapier (weapon)
Armour
 b - a +0 robe
 n - a +0 leather armour (melded)
Jewellery
 r - a ring of positive energy
Scrolls
 e - 2 scrolls of teleportation {unknown}
 i - 4 scrolls of identify {unknown}
 k - a scroll of blinking {unknown}
 l - a scroll of fear {unknown}
 m - a scroll of noise {unknown}
 o - a scroll of immolation {unknown}
 q - a scroll of enchant armour {unknown}
 s - a scroll of fog {unknown}
Potions
 c - 3 potions of ambrosia
 d - a potion of degeneration
 h - a potion of haste {unknown}


   Skills:
 - Level 3.0 Fighting
 + Level 5.5 Long Blades
 - Level 3.0 Dodging
 - Level 2.0 Stealth


You had 4 spell levels left.
You didn't know any spells.
Your spell library was empty.

Dungeon Overview and Level Annotations

Branches:
Dungeon (3/15)

Altars:
Okawaru
Beogh

Annotations:
D:3 3 runed translucent doors


Message History

The jackal bites you but does no damage.
You closely miss the sky beast.
The sky beast is heavily wounded.
The jackal bites you but does no damage.
The sky beast hits you but does no damage.
You hit the sky beast but do no damage.
The sky beast is heavily wounded.
You feel like a meek peon again.
The jackal bites you but does no damage.
The sky beast flickers out of sight!
Deactivating autopickup; reactivate with Ctrl-A.
Something hits you. Something shocks you.
* * * LOW HITPOINT WARNING * * *
You cannot move.
You cannot move.
There are monsters nearby!
You aren't carrying any items that you can evoke.
Unknown command.
You aren't carrying any items that you can evoke.
Hit: p) +0 rapier
Press: ? - help, Dir - move target You miss something.
The jackal bites you but does no damage.
A sky beast appears from thin air!
Reactivating autopickup.
The sky beast hits you.
* * * LOW HITPOINT WARNING * * *
The sky beast shocks you.
* * * LOW HITPOINT WARNING * * *
The jackal completely misses you.
It was a potion of degeneration.
There was something very wrong with that liquid.
You feel weakened.
You feel dopey.
You feel clumsy.
The jackal bites you but does no damage.
The sky beast flickers out of sight!
Deactivating autopickup; reactivate with Ctrl-A.
Something hits you.
* * * LOW HITPOINT WARNING * * *
Something shocks you.
You die...

#### ...# ### # ##.#
#########.. .# # #.#
#.......#.####.#..Y
##.#
#.#####.#.#......#
.#.# #.# #.#.#.h#
.#.###.### #....♣.#
.#.......########{#
.#####.#.#......†h#
................>.#
.#####.#.#...[#....
.......#.###.##.#...
######## # #
##.##... ....). #.
.##. ###### <. .Y ..


You could see 2 jackals.

Vanquished Creatures
  Ijyb (D:3)
  3 adders (D:2)
  A worm (D:3)
  2 dart slugs
  2 ball pythons
  3 bats
  5 endoplasms
  3 giant cockroaches (D:1)
  2 goblins
  6 hobgoblins
  9 jackals
  3 frilled lizards
  6 kobolds
  7 rats
53 creatures vanquished.

Notes
Turn   | Place    | Note
-------+----------+-------------------------------------------
     0 | D:1      | Bruhh the Human Monk began the quest for the Orb.
     0 | D:1      | Reached XP level 1. HP: 18/18 MP: 1/1
    99 | D:1      | Reached XP level 2. HP: 24/24 MP: 2/2
   683 | D:1      | Reached skill level 4 in Long Blades
   683 | D:1      | Reached XP level 3. HP: 29/29 MP: 3/3
   786 | D:1      | Found a faded altar of an unknown god.
   808 | D:1      | Prayed at the altar of an unknown god.
   808 | D:1      | Became a worshipper of Warmaster Okawaru
   808 | D:1      | Reached * piety under Okawaru
   808 | D:1      | Reached ** piety under Okawaru
  1566 | D:2      | Reached XP level 4. HP: 25/35 MP: 4/4
  2173 | D:3      | Reached skill level 5 in Long Blades
  2241 | D:3      | Found a runed translucent gate.
  2242 | D:3      | Found a runed translucent gate.
  2249 | D:3      | Found a runed translucent gate.
  2445 | D:3      | Noticed a sky beast
  2501 | D:3      | Noticed Ijyb
  2551 | D:3      | Killed Ijyb
  2552 | D:3      | Reached XP level 5. HP: 24/41 MP: 3/5
  2637 | D:3      | Slain by a sky beast

Illustrated notes

Levels and vault maps discovered:
D:1:      lightli_arrival_windingriver, layout_loops_ring,
          hellmonk_ecumenical_altar_defaced_shrine, minmay_pentomino_s2
D:2:      layout_basic, minmay_misc_feat_encased
D:3:      layout_basic, ebering_ghost_rock_garden, uniq_ijyb

Skill      XL: |  1  2  3  4 |
---------------+-------------+-----
Long Blades    | 4 5 |  5.5
Fighting       | |  3.0
Dodging        | |  3.0
Stealth        | |  2.0

Action                   |  1- 3 |  4- 6 || total
-------------------------+-------+-------++-------
Melee: Falchion          |    62 |    18 ||    80
       Punch             |     1 |     4 ||     5
       Rapier            |       |    98 ||    98
Invok: Heroism           |       |     2 ||     2
  Use: Potion            |       |     8 ||     8
 Stab: Sleeping          |     8 |     3 ||    11
Armor: Robe              |    10 |       ||    10
       Leather armour    |       |    29 ||    29
       Skin              |       |    12 ||    12
Dodge: Dodged            |    31 |    83 ||   114

Table legend: (Time is in decaauts)
 A = Elapsed time spent in this place.
 B = Non-inter-level travel time spent in this place.
 C = Inter-level travel time spent in this place.
 D = Time resting spent in this place.
 E = Time spent auto-exploring this place.
 F = Levels seen in this place.
 G = Mean time per level.
                   A        B        C        D        E       F      G
               +--------+--------+--------+--------+--------+-----+--------+
         Total |   2645 |   2617 |     28 |      0 |   2140 |   3 |  881.7 |
       Dungeon |   2645 |   2617 |     28 |      0 |   2140 |   3 |  881.7 |
               +--------+--------+--------+--------+--------+-----+--------+

Top non-repeatable levels by time:
     D:2: 1131 daAuts
     D:1: 887 daAuts
     D:3: 626 daAuts
